 Dungeon Crawl Stone Soup version 0.31-a0-246-g8cbcc1cb85 (webtiles) character file.

Game seed: 1804814722231548112

151 qw the Shooter (level 5, -2/30 HPs)
             Began as a Gargoyle Hexslinger on July 12, 2023.
             Slain by Sigmund
             ... wielding a +0 scythe
              (6 damage)
             ... on level 4 of the Dungeon.
             The game lasted 00:01:07 (2372 turns).

qw the Shooter (Gargoyle Hexslinger)                Turns: 2372, Time: 00:01:07

Health: -2/30      AC: 12    Str: 12    XL:     5   Next: 33%
Magic:  6/6        EV: 10    Int: 13    God:
Gold:   188        SH:  0    Dex: 14    Spells: 5/6 levels left

rFire   . . .        Y - +1 sling
rCold   . . .        (no shield)
rNeg    + . .        d - +0 ring mail
rPois   inf          (no helmet)
rElec   +            g - +2 cloak
rCorr   .            (no gloves)
SInv    .            (no boots)
Will    .....        (no amulet) Stlth
                     (no ring)
HPRegen 0.25/turn    (no ring)
MPRegen 0.10/turn

%: no passive effects
@: confused
A: sickness immunity, AC +4, negative energy resistance 1, electricity
resistance, torment resistance 1, petrification resistance
a: no special abilities


You were on level 4 of the Dungeon.
You visited 1 branch of the dungeon, and saw 4 of its levels.

You collected 188 gold pieces.


Innate Abilities, Weirdness & Mutations

You are immune to sickness and miasma.
Your stone body is resilient. (AC +4)
You are immune to poison.
You resist negative energy. (rN+)
You are resistant to electric shocks. (rElec)
You are resistant to unholy torment.
You are immune to petrification.


   Skills:
 + Level 2.0 Fighting
 - Level 5.0 Ranged Weapons
 - Level 1.0 Armour
 - Level 1.5 Dodging
 - Level 1.0 Spellcasting
 - Level 2.6 Hexes


You had 5 spell levels left.
You knew the following spells:

 Your Spells              Type           Power      Damage    Failure   Level
a - Slow                  Hex            28%        N/A       22%         1

Your spell library contained the following spells:

 Spells                   Type           Power      Damage    Failure   Level
 Inner Flame              Hex/Fire       4%         N/A       73%         3
 Portal Projectile        Hex/Tloc       8%         N/A       73%         3
 Cause Fear               Hex            3%         N/A       91%         4

Inventory:

Hand Weapons
 Y - a +1 sling (weapon)
Armour
 d - a +0 ring mail (worn)
 g - a +2 cloak (worn)
Scrolls
 b - a scroll of identify
Potions
 e - a potion of curing

Dungeon Overview and Level Annotations

Branches:
Dungeon (4/15)
 Temple: D:4-7

Altars:

Shops:
D:2 =

Annotations:
D:4 3 runed translucent doors, Sigmund; qw's ghost, amateur GrHs


Message History

You shoot a sling bullet. Something hits you.
You shoot a sling bullet. Something hits you but does no damage.
You shoot a sling bullet.
You hear some strange, mumbled words.
A puff of flame appears from out of thin air!
The puff of flame hits you but does no damage.
You shoot a sling bullet. Something hits you but does no damage.
You shoot a sling bullet.
You hear some strange, mumbled words.
A puff of flame appears from out of thin air!
The puff of flame hits you.
You shoot a sling bullet. Something hits you.
You shoot a sling bullet. Something hits you but does no damage.
You shoot a sling bullet. Something hits you!
You shoot a sling bullet. Something hits you but does no damage.
You shoot a sling bullet. You shoot a sling bullet. Something hits you.
You shoot a sling bullet.
You hear some strange, mumbled words.
You are confused.
You shoot a sling bullet.
You hear some strange, mumbled words.
You are more confused.
You shoot a sling bullet. Something hits you.
You shoot a sling bullet. Something hits you but does no damage.
You shoot a sling bullet. Something hits you but does no damage.
You shoot a sling bullet. Something hits you.
You die...

##.....####...#o
..........##...#S
########........# ...
#.P.##...# . ...
#PP.##...## ..######.###
#.P........ .........#)##
###.##.....
#...........#...#.##.....
[.......@.{.....#.##.####
######..#########.##.#
..................#..#
#.....).............##
#####################


There were no monsters in sight!

Vanquished Creatures
  2 hounds
  2 adders (D:2)
  2 dart slugs (D:4)
  2 orcs (D:3)
  6 ball pythons
  7 bats
  4 endoplasms
  A giant cockroach (D:1)
  3 hobgoblins
  4 jackals (D:1)
  5 kobolds
  6 quokkas
  7 frilled lizards
  7 goblins
  10 rats
68 creatures vanquished.

Notes
Turn   | Place    | Note
-------+----------+-------------------------------------------
     0 | D:1      | qw the Gargoyle Hexslinger began the quest for the Orb.
     0 | D:1      | Reached XP level 1. HP: 12/12 MP: 2/2
     0 | D:1      | 0 ||| qw: Version: 0.3-a-52-g30416fa
     0 | D:1      | 0 ||| qw: Game counter: 6248
     0 | D:1      | 0 ||| qw: Melee chars always use a shield: true
     0 | D:1      | 0 ||| qw: God list: Okawaru
     0 | D:1      | 0 ||| qw: Allow faded altars: false
     0 | D:1      | 0 ||| qw: Do Orc after clearing Dungeon:15 true
     0 | D:1      | 0 ||| qw: Do second Lair branch before Depths: true
     0 | D:1      | 0 ||| qw: Lair rune preference: random
     0 | D:1      | 0 ||| qw: Goals: Normal
     0 | D:1      | 0 ||| PLANNING D:1-11
   243 | D:1      | Reached XP level 2. HP: 15/16 MP: 3/3
   317 | D:1      | Reached skill level 3 in Ranged Weapons
   547 | D:1      | 547 ||| FLEEEEING.
   548 | D:1      | 548 ||| FLEEEEING.
   549 | D:1      | 549 ||| FLEEEEING.
   550 | D:1      | 550 ||| FLEEEEING.
   551 | D:1      | 551 ||| FLEEEEING.
   552 | D:1      | 552 ||| FLEEEEING.
   581 | D:1      | Reached XP level 3. HP: 16/21 MP: 4/4
   805 | D:1      | 805 ||| UPGRADING to +0 cloak.
   810 | D:1      | 810 ||| READING 2 scrolls labelled BAISEI ZAXYKER.
   811 | D:1      | 811 ||| READING scroll labelled DAOPPIMAGU.
   812 | D:1      | 812 ||| DRINKING 2 clear potions.
   821 | D:1      | 821 ||| DROPPING scroll of revelation.
   822 | D:1      | 822 ||| DROPPING scroll of poison.
   823 | D:1      | 823 ||| DROPPING potion of ambrosia.
   837 | D:2      | 837 ||| STAIRDANCE
  1112 | D:2      | Found March's Jewellery Shoppe.
  1117 | D:2      | 1117 ||| SHOPLISTING +5 ring of evasion (468 gold, have
                  | 54).
  1117 | D:2      | 1117 ||| SHOPLISTING +6 ring of dexterity (468 gold, have
                  | 54).
  1117 | D:2      | 1117 ||| SHOPLISTING +6 ring of strength (468 gold, have
                  | 54).
  1117 | D:2      | 1117 ||| SHOPLISTING amulet of the acrobat (390 gold, have
                  | 54).
  1117 | D:2      | 1117 ||| SHOPLISTING ring of protection from cold (325
                  | gold, have 54).
  1117 | D:2      | 1117 ||| SHOPLISTING ring of see invisible (195 gold, have
                  | 54).
  1352 | D:2      | Reached XP level 4. HP: 25/26 MP: 5/5
  1467 | D:2      | 1467 ||| UPGRADING to +0 ring mail.
  1477 | D:2      | 1477 ||| DROPPING +0 robe.
  1478 | D:2      | 1478 ||| READING scroll labelled MAGUOSHU SIDIV.
  1479 | D:2      | 1479 ||| READING 2 scrolls of identify.
  1479 | D:2      | 1479 ||| IDENTIFYING coppery potion
  1480 | D:2      | 1480 ||| DROPPING potion of degeneration.
  1560 | D:3      | 1560 ||| READING scroll of enchant armour.
  1560 | D:3      | 1560 ||| ENCHANTING +0 cloak.
  1619 | D:3      | 1619 ||| READING scroll of enchant armour.
  1619 | D:3      | 1619 ||| ENCHANTING +1 cloak.
  1679 | D:3      | Reached skill level 1 in Armour
  1744 | D:3      | Reached skill level 4 in Ranged Weapons
  1893 | D:3      | Found a faded altar of an unknown god.
  2093 | D:3      | 2093 ||| DROPPING amulet of magic regeneration.
  2094 | D:3      | 2094 ||| READING scroll labelled HUREYM RAOGUNT.
  2095 | D:3      | 2095 ||| DRINKING 2 green potions.
  2096 | D:3      | 2096 ||| READING 2 scrolls of identify.
  2096 | D:3      | 2096 ||| IDENTIFYING golden potion
  2097 | D:3      | 2097 ||| DROPPING potion of attraction.
  2112 | D:4      | 2112 ||| STAIRDANCE
  2173 | D:4      | Reached XP level 5. HP: 30/30 MP: 6/6
  2268 | D:4      | Noticed qw's ghost (amateur GrHs)
  2269 | D:4      | Found a runed translucent gate.
  2269 | D:4      | Found a runed translucent gate.
  2269 | D:4      | Found a runed translucent gate.
  2269 | D:4      | Noticed an orc warrior
  2343 | D:4      | Reached skill level 5 in Ranged Weapons
  2346 | D:4      | Noticed Sigmund
  2363 | D:4      | HP: 7/30 [something (9)]
  2369 | D:4      | HP: 3/30 [something (3)]
  2372 | D:4      | Slain by Sigmund

Levels and vault maps discovered:
D:1:      lemuel_arrival_river_ford, layout_basic
D:2:      layout_loops_cross, serial_shops, shop, chequers_arboretum,
          chequers_serial_rivers_micro_c, reono_crystal_passage
D:3:      layout_basic, ebering_ecumenical_altar_ruins
D:4:      layout_rooms, gammafunk_ghost_split, hangedman_decor_riveting,
          grunt_decor_junction, sigmund_edmund_badplayer

Skill      XL: |  1  2  3  4  5 |
---------------+----------------+-----
Ranged Weapons | 3 4 5 |  5.0
Fighting       | 2 |  2.0
Armour         | 1 |  1.0
Dodging        | |  1.5
Spellcasting   | |  1.0
Hexes          | |  2.6

Action                     |  1- 3 |  4- 6 || total
---------------------------+-------+-------++-------
   Fire: Sling             |   151 |   105 ||   256
    Use: Scroll            |     2 |     6 ||     8
         Potion            |     1 |     1 ||     2
 Armour: Robe              |    29 |       ||    29
         Ring mail         |       |    38 ||    38
  Dodge: Dodged            |    62 |    30 ||    92

Table legend:
 A = Non-vault XP
 B = Vault XP
 C = Vault XP percentage of total XP
 D = Non-vault monster count
 E = Vault monster count
 F = Vault count percentage of total count
                 A         B        C        D         E       F
            +---------+---------+-------+---------+---------+-------
      Total |     217 |       0 |   0.0 |      68 |       0 |   0.0
            +---------+---------+-------+---------+---------+-------
        D:1 |      45 |       0 |   0.0 |      28 |       0 |   0.0
        D:2 |      42 |       0 |   0.0 |      14 |       0 |   0.0
        D:3 |      72 |       0 |   0.0 |      19 |       0 |   0.0
        D:4 |      58 |       0 |   0.0 |       7 |       0 |   0.0
            +---------+---------+-------+---------+---------+-------
